 Dungeon Crawl Stone Soup version 0.20.1-1-g8b1a95d (webtiles) character file.

57 tirato the Grave Robber (level 3, -3/24 HPs)
             Began as a Mummy Necromancer on July 16, 2017.
             Killed from afar by Sigmund (7 damage)
             ... with a magic dart
             ... on level 2 of the Dungeon.
             The game lasted 00:10:37 (1860 turns).

tirato the Grave Robber (Mummy Necromancer)         Turns: 1860, Time: 00:10:37

Health: -3/24      AC:  2    Str: 11    XL:     3   Next: 73%
Magic:  1/8        EV: 12    Int: 15    God:
Gold:   71         SH:  0    Dex: 12    Spells: 5/10 levels left

rFire    x . .     SeeInvis .   (no weapon)
rCold    + . .     Gourm    .   (no shield)
rNeg     + + +     Faith    .   a - +0 robe
rPois    ∞         Spirit   .   (no helmet)
rElec    .         Reflect  .   (no cloak)
rCorr    .         Harm     .   (no gloves)
MR       .....                  (no boots)
Stlth    ++........             (no amulet)
Regen    0.1/turn               e - ring of wizardry
MPRegen  0.2/turn               (no ring)

@: no status effects
A: no food or potions, fire vulnerability, cold resistance 1, negative energy
resistance 3, torment resistance, unbreathing
a: no special abilities


You were on level 2 of the Dungeon.
You were not hungry.

You visited 1 branch of the dungeon, and saw 2 of its levels.

You collected 71 gold pieces.

Inventory:

Armour
 a - a +0 robe (worn)
Jewellery
 e - a ring of wizardry (left hand)
Scrolls
 c - 3 scrolls of identify {unknown}
 d - a scroll of remove curse {unknown}
 f - a scroll of fear {unknown}
 g - a scroll of teleportation {unknown}
Books
 b - a book of Necromancy

   Spells                             Type                      Level
   a - Pain                           Necromancy                   1
   b - Animate Skeleton               Necromancy                   1
   c - Vampiric Draining              Necromancy                   3
   d - Regeneration                   Charms/Necromancy            3
   e - Animate Dead                   Necromancy                   4
   f - Control Undead                 Necromancy                   4


   Skills:
 + Level 1.5 Dodging
 + Level 1.8 Stealth
 + Level 4.0 Spellcasting
 + Level 4.7 Necromancy


You had 5 spell levels left.
You knew the following spells:

 Your Spells              Type           Power        Failure   Level  Hunger
a - Pain                  Necr           ###.         1%          1    N/A
b - Animate Skeleton      Necr           N/A          1%          1    N/A
c - Vampiric Draining     Necr           ###.......   3%          3    N/A

Dungeon Overview and Level Annotations

Branches:
Dungeon (2/15)

Altars:

Annotations:
D:2 Sigmund


Innate Abilities, Weirdness & Mutations

You do not eat or drink.
Your flesh is vulnerable to fire.
You are immune to poison.
Your flesh is cold resistant. (rC+)
You are immune to negative energy. (rN+++)
You are immune to unholy pain and torment.
You can survive without breathing.


Message History

Press: ? - help, Shift-Dir - straight line, f/p - Sigmund
Aim: Sigmund, wielding a scythe and wearing a robe (severely wounded) Sigmund is almost dead.
You feel life coursing into your body.
Sigmund points at you and mumbles some strange words.
You are confused.
You're too confused to cast spells.
Unknown command.
You're too confused to move!
Sigmund hits you with a scythe!
You barely miss Sigmund.
Sigmund is almost dead.
Sigmund hits you with a scythe.
* * * LOW HITPOINT WARNING * * *
You bump into the rock wall.
You bump into the rock wall.
Sigmund barely misses you.
You feel less confused. Sigmund barely misses you.
Sigmund casts a spell at you. The magic dart hits you!
You die...

#....########..#
####....# ..... #.##.#
#...#. #....# #.###.
#..### ......
###########..# ## ###.
#............#### ..#
#.........@....... ...#
#.....@.....###########
###########.####.......
#....#.###### ####.#.#
#.#.# #.#.# #!#†#
#.#.#### #...).>#


You could see Sigmund.

Vanquished Creatures
  2 adders (D:2)
  A dart slug (D:2)
  2 leopard geckos (D:1)
  A ball python (D:1)
  A bat (D:1)
  3 giant cockroaches (D:1)
  5 goblins
  6 hobgoblins
  3 frilled lizards
  5 kobolds (D:1)
  2 rats
31 creatures vanquished.

Vanquished Creatures (collateral kills)
  A goblin (D:1)
  A rat (D:1)
2 creatures vanquished.

Grand Total: 33 creatures vanquished

Notes
Turn   | Place    | Note
-------+----------+-------------------------------------------
     0 | D:1      | tirato the Mummy Necromancer began the quest for the Orb.
     0 | D:1      | Reached XP level 1. HP: 13/13 MP: 4/4
   190 | D:1      | Learned a level 1 spell: Animate Skeleton
   291 | D:1      | Reached XP level 2. HP: 18/19 MP: 3/5
   578 | D:1      | You fall through a shaft!
   699 | D:2      | Reached XP level 3. HP: 24/24 MP: 0/7
   707 | D:2      | Learned a level 3 spell: Vampiric Draining
   708 | D:2      | Noticed Sigmund
  1860 | D:2      | Killed from afar by Sigmund

Skill      XL: |  1  2  3 |
---------------+----------+-----
Spellcasting   | 3 4 |  4.0
Dodging        | |  1.5
Stealth        | |  1.8
Necromancy     | |  4.7

Action                   || total
-------------------------++-------
Melee: Unarmed           ||     1
 Cast: Pain              ||    69
       Animate Skeleton  ||     4
       Vampiric Draining ||     1
Armor: Robe              ||     1
Dodge: Dodged            ||    21
